 Dungeon Crawl Stone Soup version 0.30.0-30-g96aa6591b8 (webtiles) character file.

Game seed: 14912972104168283376

11880 GimliDwarf the Zephyrmancer (level 11, -1/83 HPs)
             Began as a Gnoll Wanderer on June 28, 2023.
             Was a High Priest of Qazlal.
             Killed by divine providence
             ... invoked by a meliai
              (15 damage)
             ... on level 11 of the Dungeon.
             The game lasted 00:43:11 (10941 turns).

GimliDwarf the Zephyrmancer (Gnoll Wanderer)       Turns: 10941, Time: 00:43:12

Health: -1/83      AC: 26    Str: 11    XL:     11   Next: 84%
Magic:  21/22      EV: 29    Int: 22    God:    Qazlal [*****.]
Gold:   1041       SH:  6    Dex: 18    Spells: 8/25 levels left

rFire   + . .        c - +3 Elemental Staff {rElec rF+ rC+ AC+3}
rCold   + + .        (no shield)
rNeg    . . .        j - +5 ring mail {rPois}
rPois   +            o - +2 helmet
rElec   +            (no cloak)
rCorr   .            (no gloves)
SInv    .            A - +3 pair of mountain boots {steadfast, rC+}
Will    .....        t - amulet of the acrobat
Stlth   ++           x - +6 ring of dexterity
HPRegen 0.33/turn    z - +6 ring of intelligence
MPRegen 0.18/turn

%: repel missiles, acrobat
@: protected from physical damage, acrobatic
A: fangs 1, strong nose, distributed training
a: Renounce Religion, Upheaval, Elemental Force, Disaster Area


You were on level 11 of the Dungeon.
You worshipped Qazlal.
Qazlal was extremely pleased with you.
You visited 2 branches of the dungeon, and saw 12 of its levels.

You collected 1041 gold pieces.

Inventory:

Hand Weapons
 c - the +3 Elemental Staff (weapon) {rElec rF+ rC+ AC+3}
   (You acquired it on level 3 of the Dungeon)

   It enhances your fire, ice, earth and air magic.
   AC:        It affects your AC (+3).
   rF:        It protects you from fire.
   rC:        It protects you from cold.
   rElec:     It insulates you from electricity.
 e - a +4 dire flail of protection
 E - a +3 falchion of venom
 F - a +5 spear
Missiles
 k - 5 atropa-tipped darts
 s - 2 throwing nets
 v - 3 boomerangs of dispersal
Armour
 j - a +5 ring mail of poison resistance (worn)
 o - a +2 helmet (worn)
 A - the +3 pair of mountain boots (worn) {steadfast, rC+}
   (You acquired it on level 7 of the Dungeon)

   Steadfast: It prevents involuntary movement, except for blinking,
   teleportation, or banishment.
   rC:        It protects you from cold.
Jewellery
 t - an amulet of the acrobat (around neck)
 x - a +6 ring of dexterity (left hand)
 z - a +6 ring of intelligence (right hand)
 J - a ring of resist corrosion
 L - a ring of ice
Wands
 d - a wand of iceblast (14)
 l - a wand of mindburst (10)
 q - a wand of quicksilver (2)
 y - a wand of charming (6)
Scrolls
 b - 2 scrolls of fear
 f - 2 scrolls of magic mapping
 n - a scroll of teleportation
 r - 3 scrolls of poison
 C - 3 scrolls of blinking
 H - a scroll of fog
 K - a scroll of amnesia
Potions
 a - 3 potions of lignification
 g - a potion of mutation
 h - a potion of heal wounds
 i - 2 potions of cancellation
 m - a potion of berserk rage
 p - 2 potions of might
 u - a potion of ambrosia
 w - a potion of attraction {unknown}
 B - a potion of invisibility {unknown}
 D - 4 potions of curing
 G - a potion of haste {unknown}
 M - a potion of flight {unknown}


   Skills:
 + Level 6.9 Fighting
 + Level 6.9 Short Blades
 + Level 6.9 Long Blades
 + Level 6.9 Axes
 + Level 6.9 Maces & Flails
 + Level 6.9 Polearms
 + Level 6.9 Staves
 + Level 6.9 Ranged Weapons
 + Level 6.9 Throwing
 + Level 9.6 Armour
 + Level 6.9 Dodging
 + Level 6.9 Stealth
 + Level 6.9 Shields
 + Level 6.9 Unarmed Combat
 + Level 7.5 Spellcasting
 + Level 5.7 Conjurations
 + Level 5.7 Hexes
 + Level 5.7 Summonings
 + Level 6.2 Necromancy
 + Level 5.7 Translocations
 + Level 5.7 Transmutations
 + Level 5.7 Fire Magic
 + Level 5.7 Ice Magic
 + Level 10.5 Air Magic
 + Level 5.7 Earth Magic
 + Level 5.7 Poison Magic
 + Level 7.6 Invocations
 + Level 6.9 Evocations


You had 8 spell levels left.
You knew the following spells:

 Your Spells              Type           Power      Damage    Failure   Level
a - Shock                 Conj/Air       100%       1d9       1%          1
b - Poisonous Vapours     Pois/Air       100%       N/A       1%          2
c - Stone Arrow           Conj/Erth      100%       3d13      4%          3
d - Hailstorm             Conj/Ice       50%        3d11      4%          3
e - Flame Wave            Conj/Fire      50%        2d12      14%         4
f - Sticky Flame          Conj/Fire      50%        2d7       14%         4

Your spell library contained the following spells:

 Spells                   Type           Power      Damage    Failure   Level
 Kiss of Death            Conj/Necr      100%       2d13      1%          1
 Swiftness                Air            70%        N/A       1%          3
 Blink                    Tloc           66%        N/A       2%          2
 Vampiric Draining        Necr           35%        2d8       3%          3
 Call Canine Familiar     Summ           33%        N/A       4%          3
 Inner Flame              Hex/Fire       50%        N/A       4%          3
 Portal Projectile        Hex/Tloc       66%        N/A       4%          3
 Animate Armour           Summ/Erth      100%       N/A       14%         4
 Ice Form                 Ice/Tmut       50%        N/A       14%         4
 Leda's Liquefaction      Hex/Erth       25%        N/A       14%         4
 Manifold Assault         Tloc           33%        N/A       14%         4
 Simulacrum               Ice/Necr       25%        N/A       90%         6
 Storm Form               Tmut/Air       30%        N/A       99%         7
 Lehudib's Crystal Spear  Conj/Erth      25%        10d7      100%        8


Dungeon Overview and Level Annotations

Branches:
Dungeon (11/15)            Temple (1/1) D:7            Lair (0/5) D:9
    Orc (0/2) D:11

Altars:
Ashenzari
Cheibriados
Dithmenos
Elyvilon
Fedhas
Gozag
Hepliaklqana
Kikubaaqudgha
Makhleb
Nemelex Xobeh
Okawaru
Qazlal
Ru
Sif Muna
Trog
Uskayaw
Vehumet
Wu Jian
Xom
Yredelemnul
Zin
The Shining One

Shops:
D:2 [

Annotations:
D:11 Snorg


Innate Abilities, Weirdness & Mutations

You have very sharp teeth.
Your uncanny sense of smell can sniff out nearby items.
Your experience applies equally to all skills.


Message History

The meliai stings you but does no damage.
The meliai closely misses you. x2
The meliai hits you with a +0 heavy hand axe.
You feel more protected from physical attacks.
The meliai stings you but does no damage.
You block the meliai's attack.
The meliai stings you but does no damage.
The meliai attacks as you move away! You block the meliai's attack.
The meliai stings you but does no damage.
The meliai calls down the wrath of its god upon you.
Something smites you!
* * * LOW HITPOINT WARNING * * *
The meliai completely misses you. The meliai misses you.
Unknown command.
You feel much better. The meliai hits you with a +0 hand axe.
The meliai barely misses you. The meliai closely misses you.
The meliai stings you but does no damage.
The meliai closely misses you. The meliai completely misses you.
The meliai closely misses you. You block the meliai's attack.
Unknown command.
As you read the scroll of fear, it crumbles to dust.
You assume a fearsome visage.
Snorg looks frightened!
The meliai looks frightened! x3
The meliai is engulfed in freezing vapours.
You hear a shout!
The meliai invokes the aid of its god against you.
Something smites you!
* * * LOW HITPOINT WARNING * * *
There is an open door here.
You close the door.
A meliai opens the door.
You kill the meliai!
Qazlal accepts your kill.
The meliai seems to regain its courage.
The meliai mumbles some strange prayers to its god against you.
Something smites you!
* * * LOW HITPOINT WARNING * * *
The meliai invokes the aid of its god against you.
Something smites you!
You die...

##. #..## #.. ##..# #T# ##.## #y#
#..# ######'#### #####'####
#.........# #....(...######
#.........# ####...<(.(.'.....
#.........######..'..<.)(..######
#...y....y'.....@##......[.#
#.........####.####.....)).#
##'######## ##.## #######.## #.
#...# #...#.# # #.8.# #.8.'.#
#...## ##...### ####'###'####
##)..## ∆ #.>.#


You could see a meliai.

Vanquished Creatures
  Fannar (D:10)
  A boulder beetle (D:11)
  3 two-headed ogres
  Lodul (D:11)
  Pikel (D:5)
  Joseph (D:7)
  A gargoyle (D:9)
  A meliai (D:11)
  A troll (D:10)
  A hornet (D:8)
  Prince Ribbit (D:7)
  2 wyverns
  3 wraiths
  2 shadows
  4 yaks (D:10)
  2 wargs (D:9)
  Edmund (D:3)
  3 water moccasins (D:7)
  4 black bears
  3 orc warriors
  2 sky beasts
  8 ogres (D:11)
  3 centaurs
  3 phantoms
  A kobold brigand (D:11)
  4 bullfrogs
  2 gnoll sergeants
  5 scorpions
  5 killer bees (D:9)
  3 howler monkeys (D:8)
  3 jellies
  A hound (D:5)
  3 gnoll boudas
  6 orc priests
  2 sleepcaps (D:4)
  14 orc wizards
  31 gnolls
  9 adders
  A white imp (D:5)
  2 ufetubi
  2 worms
  A dart slug (D:2)
  55 orcs
  6 endoplasms
  A giant cockroach (D:1)
  2 goblins
  5 hobgoblins
  5 jackals
  6 quokkas
  6 ball pythons
  5 bats
  2 frilled lizards
  13 kobolds
  10 rats
264 creatures vanquished.

Vanquished Creatures (others)
  A human (D:9)
1 creature vanquished.

Grand Total: 265 creatures vanquished

Notes
Turn   | Place    | Note
-------+----------+-------------------------------------------
     0 | D:1      | GimliDwarf the Gnoll Wanderer began the quest for the Orb.
     0 | D:1      | GimliDwarf set off with the following items: a +0 dagger, a
                  | scroll of fear, a +0 scale mail; and the following spells
                  | available to memorise: Swiftness, Shock, Poisonous Vapours,
                  | Kiss of Death, Vampiric Draining.
     0 | D:1      | Reached XP level 1. HP: 13/13 MP: 4/4
    52 | D:1      | Learned a level 1 spell: Shock
   135 | D:1      | Reached XP level 2. HP: 20/20 MP: 1/5
   773 | D:1      | Reached XP level 3. HP: 25/25 MP: 5/7
   986 | D:2      | Learned a level 2 spell: Poisonous Vapours
  1051 | D:2      | Reached skill level 1 in Invocations
  1214 | D:2      | Reached skill level 1 in Fighting
  1214 | D:2      | Reached skill level 1 in Short Blades
  1214 | D:2      | Reached skill level 1 in Long Blades
  1214 | D:2      | Reached skill level 1 in Axes
  1214 | D:2      | Reached skill level 1 in Maces & Flails
  1214 | D:2      | Reached skill level 1 in Polearms
  1214 | D:2      | Reached skill level 1 in Staves
  1214 | D:2      | Reached skill level 1 in Ranged Weapons
  1214 | D:2      | Reached skill level 1 in Throwing
  1214 | D:2      | Reached skill level 1 in Dodging
  1214 | D:2      | Reached skill level 1 in Stealth
  1214 | D:2      | Reached skill level 1 in Shields
  1214 | D:2      | Reached skill level 1 in Unarmed Combat
  1214 | D:2      | Reached skill level 1 in Evocations
  1233 | D:2      | Found a faded altar of an unknown god.
  1268 | D:2      | Found Essoef's Antique Armour Shoppe.
  1359 | D:2      | Reached XP level 4. HP: 32/32 MP: 8/8
  2619 | D:4      | Reached skill level 1 in Conjurations
  2619 | D:4      | Reached skill level 1 in Hexes
  2619 | D:4      | Reached skill level 1 in Summonings
  2619 | D:4      | Reached skill level 1 in Translocations
  2619 | D:4      | Reached skill level 1 in Transmutations
  2619 | D:4      | Reached skill level 1 in Fire Magic
  2619 | D:4      | Reached skill level 1 in Ice Magic
  2619 | D:4      | Reached skill level 1 in Earth Magic
  2619 | D:4      | Reached skill level 1 in Poison Magic
  2654 | D:3      | Identified a scroll of acquirement
  2654 | D:3      | Acquired the +3 Elemental Staff {rElec rF+ rC+ AC+3}
  2654 | D:3      | Found the +3 Elemental Staff {rElec rF+ rC+ AC+3}
  2906 | D:4      | Noticed a black bear
  2928 | D:3      | Killed a black bear
  2929 | D:3      | Reached XP level 5. HP: 20/37 MP: 2/9
  3003 | D:4      | Reached XP level 6. HP: 40/44 MP: 5/11
  3137 | D:4      | Found a stormy altar of Qazlal.
  3140 | D:4      | Found a burning altar of Makhleb.
  3151 | D:4      | Became a worshipper of Qazlal Stormbringer
  3182 | D:4      | Found an opulent altar of Gozag.
  3183 | D:4      | Noticed Edmund
  3438 | D:3      | HP: 1/66 [Edmund/+3 dire flail of protection (13)]
  3439 | D:3      | Killed Edmund
  3440 | D:3      | Reached skill level 9 in Air Magic
  3440 | D:3      | Reached XP level 7. HP: 1/51 MP: 6/12
  4166 | D:5      | Entered Level 5 of the Dungeon
  4211 | D:5      | Noticed Pikel
  4230 | D:5      | Killed Pikel
  4231 | D:5      | Reached XP level 8. HP: 41/58 MP: 6/14
  4534 | D:5      | Found a bloodstained altar of Trog.
  4564 | D:5      | Reached * piety under Qazlal
  4715 | D:5      | Learned a level 3 spell: Stone Arrow
  5193 | D:5      | Found a shimmering blue altar of Sif Muna.
  5194 | D:5      | Found an ornate altar of the Wu Jian Council.
  5196 | D:5      | Found a basalt altar of Yredelemnul.
  5431 | D:5      | Reached XP level 9. HP: 62/65 MP: 13/16
  5623 | D:6      | Reached skill level 5 in Spellcasting
  5827 | D:6      | Reached ** piety under Qazlal
  6280 | D:7      | Learned a level 3 spell: Hailstorm
  6295 | D:7      | Noticed Prince Ribbit
  6385 | D:7      | Reached skill level 5 in Invocations
  6504 | D:7      | Acquired the +3 pair of mountain boots {steadfast, rC+}
  6504 | D:7      | Found the +3 pair of mountain boots {steadfast, rC+}
  6563 | D:7      | Found a staircase to the Ecumenical Temple.
  6569 | Temple   | Entered the Ecumenical Temple
  6830 | D:7      | Killed Prince Ribbit
  6991 | D:7      | Noticed Joseph
  7051 | D:7      | Killed Joseph
  7329 | D:8      | Noticed a two-headed ogre
  7336 | D:7      | Reached skill level 5 in Fighting
  7336 | D:7      | Reached skill level 5 in Short Blades
  7336 | D:7      | Reached skill level 5 in Long Blades
  7336 | D:7      | Reached skill level 5 in Axes
  7336 | D:7      | Reached skill level 5 in Maces & Flails
  7336 | D:7      | Reached skill level 5 in Polearms
  7336 | D:7      | Reached skill level 5 in Staves
  7336 | D:7      | Reached skill level 5 in Ranged Weapons
  7336 | D:7      | Reached skill level 5 in Throwing
  7336 | D:7      | Reached skill level 5 in Dodging
  7336 | D:7      | Reached skill level 5 in Stealth
  7336 | D:7      | Reached skill level 5 in Shields
  7336 | D:7      | Reached skill level 5 in Unarmed Combat
  7336 | D:7      | Reached skill level 5 in Evocations
  7336 | D:7      | Reached XP level 10. HP: 74/74 MP: 16/18
  7450 | D:8      | Noticed a two-headed ogre
  7524 | D:8      | Killed a two-headed ogre
  7525 | D:8      | Reached skill level 5 in Necromancy
  7886 | D:8      | Killed a two-headed ogre
  7886 | D:8      | Reached *** piety under Qazlal
  7887 | D:8      | Reached skill level 10 in Air Magic
  8340 | D:9      | Found an ancient bone altar of Kikubaaqudgha.
  8542 | D:9      | Found a staircase to the Lair.
  8551 | D:9      | Noticed a two-headed ogre
  8581 | D:9      | Killed a two-headed ogre
  8582 | D:9      | Reached skill level 5 in Conjurations
  8582 | D:9      | Reached skill level 5 in Hexes
  8582 | D:9      | Reached skill level 5 in Summonings
  8582 | D:9      | Reached skill level 5 in Translocations
  8582 | D:9      | Reached skill level 5 in Transmutations
  8582 | D:9      | Reached skill level 5 in Fire Magic
  8582 | D:9      | Reached skill level 5 in Ice Magic
  8582 | D:9      | Reached skill level 5 in Earth Magic
  8582 | D:9      | Reached skill level 5 in Poison Magic
  8582 | D:9      | Reached XP level 11. HP: 39/81 MP: 12/21
  9285 | D:10     | Entered Level 10 of the Dungeon
  9289 | D:10     | Noticed Fannar
  9515 | D:10     | Killed Fannar
  9650 | D:10     | Reached **** piety under Qazlal
  9807 | D:10     | Found a sparkling altar of Nemelex Xobeh.
  9881 | D:10     | Learned a level 4 spell: Flame Wave
  9886 | D:10     | Learned a level 4 spell: Sticky Flame
  9946 | D:10     | Found a white marble altar of Elyvilon.
 10212 | D:11     | Noticed a boulder beetle
 10229 | D:11     | Killed a boulder beetle
 10326 | D:11     | Noticed Lodul
 10350 | D:11     | Killed Lodul
 10652 | D:11     | Reached ***** piety under Qazlal
 10656 | D:11     | Found a staircase to the Orcish Mines.
 10926 | D:11     | Noticed Snorg
 10941 | D:11     | Killed from afar by a meliai

Illustrated notes

Levels and vault maps discovered:
D:1:      lightli_arrival_lavapool, layout_loops_ring, serial_bayou_pond_d,
          st_stairs_4, chequers_serial_rivers_micro_a
D:2:      layout_basic, hellmonk_ecumenical_altar_slurped_away, serial_shops,
          shop_fountains
D:3:      layout_loops_corners
D:4:      layout_loops_ring, lemuel_round_altar, grunt_temple_overflow_open,
          uniq_edmund
D:5:      layout_basic, minitemple, trog_ov_bears_minmay, uniq_pikel
D:6:      layout_rooms, kennysheep_generic_room_8
D:7:      layout_rooms, minmay_temple_entry_enclosed_plants, uniq_joseph,
          uniq_prince_ribbit1
D:8:      layout_rooms, st_stairs_8
D:9:      layout_roguey, tgw_kikubaaqudgha, erik_lair_orcish_takeover
D:10:     layout_loops_ring, mainiacjoe_overflow_surrounded_room,
          nemelex_xobeh_ov_fountains_minmay, uniq_fannar
D:11:     layout_roguey, hiddenorc2_lemuel, uniq_snorg, uniq_lodul
Temple:   hc_temple_tempest_star

Skill      XL: |  1  2  3  4  5  6  7  8  9 10 11 |
---------------+----------------------------------+-----
Necromancy     | 2 3 4 5 6 |  6.2
Invocations    | 1 2 3 4 5 6 7 |  7.6
Fighting       | 1 2 3 4 5 6 |  6.9
Short Blades   | 1 2 3 4 5 6 |  6.9
Long Blades    | 1 2 3 4 5 6 |  6.9
Axes           | 1 2 3 4 5 6 |  6.9
Maces & Flails | 1 2 3 4 5 6 |  6.9
Polearms       | 1 2 3 4 5 6 |  6.9
Staves         | 1 2 3 4 5 6 |  6.9
Ranged Weapons | 1 2 3 4 5 6 |  6.9
Throwing       | 1 2 3 4 5 6 |  6.9
Dodging        | 1 2 3 4 5 6 |  6.9
Stealth        | 1 2 3 4 5 6 |  6.9
Shields        | 1 2 3 4 5 6 |  6.9
Unarmed Combat | 1 2 3 4 5 6 |  6.9
Evocations     | 1 2 3 4 5 6 |  6.9
Spellcasting   | 3 4 5 6 7 |  7.5
Conjurations   | 1 2 3 4 5 |  5.7
Hexes          | 1 2 3 4 5 |  5.7
Summonings     | 1 2 3 4 5 |  5.7
Translocations | 1 2 3 4 5 |  5.7
Transmutations | 1 2 3 4 5 |  5.7
Fire Magic     | 1 2 3 4 5 |  5.7
Ice Magic      | 1 2 3 4 5 |  5.7
Earth Magic    | 1 2 3 4 5 |  5.7
Poison Magic   | 1 2 3 4 5 |  5.7
Armour         | 7 8 9 |  9.6
Air Magic      | 9 10 | 10.5

Action                     |  1- 3 |  4- 6 |  7- 9 | 10-12 || total
---------------------------+-------+-------+-------+-------++-------
  Melee: Dagger            |     6 |       |       |       ||     6
         Short sword       |    54 |       |       |       ||    54
         Bite              |     7 |    11 |    15 |    29 ||    62
         Hand axe          |    36 |    21 |       |       ||    57
         Staff             |       |    82 |   155 |   202 ||   439
         Punch             |       |     1 |     7 |     5 ||    13
         Dire flail        |       |       |       |     5 ||     5
   Cast: Shock             |    25 |    13 |    50 |     3 ||    91
         Poisonous Vapours |     6 |    22 |    54 |    70 ||   152
         Stone Arrow       |       |       |     7 |    17 ||    24
         Flame Wave        |       |       |       |     2 ||     2
         Hailstorm         |       |       |       |     1 ||     1
  Evoke: Wand              |       |       |     5 |     6 ||    11
    Use: Scroll            |       |    14 |     6 |     6 ||    26
         Potion            |       |     1 |       |     2 ||     3
 Armour: Scale mail        |    26 |       |       |       ||    26
         Ring mail         |    20 |    61 |    89 |    81 ||   251
         Skin              |       |    14 |       |       ||    14
  Dodge: Dodged            |    59 |    58 |   116 |   193 ||   426
         Repelled          |       |       |       |     2 ||     2
  Block: Other             |       |       |    16 |    57 ||    73
